[ AOE2 MATCH · #472806703 ]
Team EWFranks vs Cumans
[ REPLAY ANALYSIS · EXTRACTED FROM THE RECORDED GAME ]
Feudal
—
Castle
—
Imperial
—
| APM avg | 10.4 |
| APM peak | 40 |
| eAPM avg | 9.1 |
| Villagers / military | 50 / 27 |
Focus
⚔️ 21.7% · 🌾 78.3%
Spearman ×15 · Militia ×7 · Skirmisher ×5
Feudal
—
Castle
13:57
Imperial
32:48
| APM avg | 36.6 |
| APM peak | 65 |
| eAPM avg | 19.8 |
| Villagers / military | 112 / 236 |
Focus
⚔️ 32.1% · 🌾 67.9%
Spearman ×200 · Huskarl ×25 · Militia ×11
Feudal
—
Castle
9:22
Imperial
29:18
| APM avg | 52.1 |
| APM peak | 89 |
| eAPM avg | 32.4 |
| Villagers / military | 98 / 242 |
Focus
⚔️ 37.1% · 🌾 62.9%
Knight ×222 · Scout Cavalry ×8 · Spearman ×5 · Trebuchet (Packed) ×5 · Monk ×2
Feudal
—
Castle
12:58
Imperial
—
| APM avg | 48.4 |
| APM peak | 78 |
| eAPM avg | 27.3 |
| Villagers / military | 75 / 146 |
Focus
⚔️ 34.6% · 🌾 65.4%
Archer ×91 · Fire Lancer ×43 · Spearman ×8 · Battering Ram ×3 · Iron Pagoda ×1
Feudal
—
Castle
15:27
Imperial
28:53
| APM avg | 47.8 |
| APM peak | 91 |
| eAPM avg | 28.0 |
| Villagers / military | 127 / 270 |
Focus
⚔️ 45.7% · 🌾 54.3%
Archer ×200 · Spearman ×50 · Plumed Archer ×12 · Trebuchet (Packed) ×6 · Skirmisher ×1 · Battering Ram ×1
Feudal
—
Castle
12:07
Imperial
32:05
| APM avg | 57.1 |
| APM peak | 96 |
| eAPM avg | 33.7 |
| Villagers / military | 164 / 338 |
Focus
⚔️ 45.1% · 🌾 54.9%
Steppe Lancer ×312 · Scout Cavalry ×25 · Monk ×1
Feudal
—
Castle
—
Imperial
—
| APM avg | 17.4 |
| APM peak | 49 |
| eAPM avg | 15.5 |
| Villagers / military | 104 / 38 |
Focus
⚔️ 26.5% · 🌾 73.5%
Steppe Lancer ×30 · Spearman ×8
Feudal
—
Castle
10:08
Imperial
23:36
| APM avg | 36.7 |
| APM peak | 76 |
| eAPM avg | 24.0 |
| Villagers / military | 121 / 187 |
Focus
⚔️ 40.7% · 🌾 59.3%
Scout Cavalry ×123 · Steppe Lancer ×55 · Trebuchet (Packed) ×9
Match map
Resources at game start + every placement click. Thick line = wall · dashed box = detected house wall. 🟡 gold · ⚪ stone · 🟢 berries · 🔶 boar · ⭕ relic
Inputs per minute
— ColonelPacha - - El tio kchero de LA BEBA MOISES
Build order — ColonelPacha
108 actions detected in the replay
| 0:14 | Create | Villager (Male) |
| 0:15 | Create | Villager (Male) |
| 0:15 | Create | Villager (Male) |
| 0:15 | Create | Villager (Male) |
| 0:29 | Build | House |
| 1:02 | Build | House |
| 1:26 | Create | Spearman |
| 1:27 | Create | Spearman |
| 1:35 | Build | House |
| 1:55 | Create | Villager (Male) |
| 1:55 | Create | Villager (Male) |
| 1:55 | Create | Villager (Male) |
| 2:00 | Create | Spearman |
| 2:00 | Create | Spearman |
| 2:07 | Build | Palisade Wall |
| 2:12 | Build | Building 796 |
| 2:17 | Create | Spearman |
| 2:17 | Create | Spearman |
| 2:39 | Create | Spearman |
| 2:40 | Create | Spearman |
| 2:40 | Create | Spearman |
| 2:56 | Create | Spearman |
| 2:56 | Create | Spearman |
| 3:08 | Build | Stone Wall |
| 3:12 | Build | Building 487 |
| 3:28 | Create | Spearman |
| 3:28 | Create | Spearman |
| 3:59 | Create | Spearman |
| 4:00 | Create | Spearman |
| 5:32 | Create | Villager (Male) |
| 5:32 | Create | Villager (Male) |
| 5:33 | Create | Villager (Male) |
| 5:48 | Create | Villager (Male) |
| 5:48 | Create | Villager (Male) |
| 5:53 | Research | Man-at-Arms (upgrade) |
| 6:52 | Create | Villager (Male) |
| 6:52 | Create | Villager (Male) |
| 7:03 | Build | Market |
| 7:37 | Create | Militia |
| 7:37 | Create | Militia |
| 7:37 | Create | Militia |
| 7:38 | Create | Militia |
| 7:38 | Create | Militia |
| 9:32 | Create | Villager (Male) |
| 9:33 | Create | Villager (Male) |
| 9:33 | Create | Villager (Male) |
| 12:36 | Build | Lumber Camp |
| 13:50 | Research | Double-Bit Axe |
| 14:44 | Build | Town Center |
| 15:13 | Create | Militia |
| 15:13 | Create | Militia |
| 16:10 | Create | Villager (Male) |
| 16:10 | Create | Villager (Male) |
| 16:33 | Create | Villager (Male) |
| 16:34 | Create | Villager (Male) |
| 16:47 | Create | Villager (Male) |
| 17:22 | Create | Villager (Male) |
| 17:53 | Create | Villager (Male) |
| 17:53 | Create | Villager (Male) |
| 18:05 | Build | Mill |
| 18:23 | Create | Villager (Male) |
| 18:23 | Create | Villager (Male) |
| 18:32 | Build | House |
| 18:38 | Research | Town Watch |
| 19:07 | Build | Archery Range |
| 19:11 | Create | Villager (Male) |
| 19:11 | Create | Villager (Male) |
| 19:28 | Create | Villager (Male) |
| 19:29 | Create | Villager (Male) |
| 19:59 | Create | Villager (Male) |
| 19:59 | Create | Villager (Male) |
| 20:08 | Build | House |
| 20:27 | Build | Watch Tower |
| 20:34 | Create | Villager (Male) |
| 20:35 | Create | Villager (Male) |
| 20:35 | Create | Villager (Male) |
| 20:45 | Build | House |
| 20:48 | Create | Skirmisher |
| 21:12 | Create | Skirmisher |
| 21:17 | Build | House |
| 21:38 | Create | Skirmisher |
| 21:38 | Create | Skirmisher |
| 21:38 | Create | Skirmisher |
| 22:29 | Build | Watch Tower |
| 23:26 | Create | Villager (Male) |
| 23:26 | Create | Villager (Male) |
| 23:27 | Create | Villager (Male) |
| 24:09 | Create | Villager (Male) |
| 24:09 | Create | Villager (Male) |
| 24:36 | Build | Watch Tower |
| 24:51 | Create | Villager (Male) |
| 24:51 | Create | Villager (Male) |
| 26:15 | Create | Villager (Male) |
| 26:16 | Create | Villager (Male) |
| 27:17 | Build | Lumber Camp |
| 30:17 | Build | Market |
| 31:28 | Build | Mill |
| 31:52 | Build | House |
| 32:16 | Build | Town Center |
| 32:43 | Build | House |
| 33:17 | Build | House |
| 33:57 | Build | House |
| 34:59 | Create | Villager (Male) |
| 35:00 | Create | Villager (Male) |
| 35:00 | Create | Villager (Male) |
| 35:00 | Create | Villager (Male) |
| 35:00 | Create | Villager (Male) |
| 35:15 | Build | Archery Range |
Build order — El tio kchero de LA BEBA MOISES
First 150 of 310 actions detected
| 0:27 | Research | Double-Bit Axe |
| 0:29 | Create | Villager (Male) |
| 0:29 | Create | Villager (Male) |
| 0:46 | Build | Palisade Wall |
| 0:47 | Build | Palisade Wall |
| 0:48 | Build | Palisade Wall |
| 0:51 | Build | Palisade Wall |
| 0:56 | Build | Palisade Wall |
| 0:57 | Build | Palisade Wall |
| 1:09 | Build | Palisade Wall |
| 1:18 | Build | Palisade Wall |
| 1:22 | Create | Villager (Male) |
| 1:23 | Create | Villager (Male) |
| 1:23 | Create | Villager (Male) |
| 1:24 | Create | Spearman |
| 1:25 | Create | Spearman |
| 2:02 | Create | Villager (Male) |
| 2:11 | Create | Spearman |
| 2:11 | Create | Spearman |
| 2:21 | Build | House |
| 2:23 | Build | House |
| 2:34 | Build | House |
| 2:46 | Build | Palisade Gate |
| 2:50 | Build | House |
| 2:52 | Build | House |
| 2:52 | Build | House |
| 2:56 | Create | Villager (Male) |
| 3:02 | Build | Barracks |
| 3:03 | Build | Barracks |
| 3:03 | Build | Barracks |
| 3:21 | Build | Mill |
| 3:27 | Create | Villager (Male) |
| 3:29 | Research | Forging |
| 3:49 | Create | Militia |
| 3:49 | Create | Militia |
| 4:06 | Build | Palisade Gate |
| 4:10 | Build | House |
| 4:11 | Build | House |
| 4:12 | Build | House |
| 4:12 | Build | House |
| 4:14 | Build | House |
| 4:16 | Create | Villager (Male) |
| 4:23 | Create | Militia |
| 4:23 | Create | Militia |
| 4:23 | Create | Militia |
| 4:48 | Research | Man-at-Arms (upgrade) |
| 5:00 | Create | Militia |
| 5:01 | Create | Militia |
| 5:01 | Create | Militia |
| 5:08 | Create | Villager (Male) |
| 5:13 | Create | Militia |
| 5:13 | Create | Militia |
| 5:13 | Create | Militia |
| 5:29 | Create | Spearman |
| 5:29 | Create | Spearman |
| 5:29 | Create | Spearman |
| 5:38 | Build | Market |
| 5:46 | Create | Villager (Male) |
| 5:47 | Create | Villager (Male) |
| 5:51 | Build | Watch Tower |
| 6:33 | Create | Spearman |
| 6:33 | Create | Spearman |
| 6:33 | Create | Spearman |
| 6:53 | Create | Spearman |
| 6:53 | Create | Spearman |
| 7:13 | Build | Farm |
| 7:13 | Build | Farm |
| 7:14 | Build | Farm |
| 7:14 | Build | Farm |
| 7:14 | Build | Farm |
| 7:14 | Build | Farm |
| 7:14 | Build | Farm |
| 7:15 | Build | Farm |
| 7:15 | Build | Farm |
| 7:15 | Build | Farm |
| 7:15 | Build | Farm |
| 7:15 | Build | Farm |
| 7:17 | Create | Villager (Male) |
| 7:18 | Create | Villager (Male) |
| 7:49 | Create | Villager (Male) |
| 7:49 | Create | Villager (Male) |
| 8:34 | Create | Villager (Male) |
| 8:35 | Create | Villager (Male) |
| 8:35 | Create | Villager (Male) |
| 8:37 | Build | Farm |
| 8:37 | Build | Farm |
| 9:33 | Create | Villager (Male) |
| 10:27 | Create | Villager (Male) |
| 10:27 | Create | Villager (Male) |
| 10:27 | Create | Villager (Male) |
| 10:30 | Create | Spearman |
| 10:30 | Create | Spearman |
| 10:30 | Create | Spearman |
| 10:32 | Create | Spearman |
| 10:47 | Build | Mining Camp |
| 10:58 | Research | Castle Age |
| 11:11 | Build | Mining Camp |
| 11:26 | Build | Farm |
| 11:31 | Research | Stone Mining |
| 11:38 | Create | Spearman ×4 |
| 13:02 | Build | Palisade Wall |
| 13:57 | Age | Castle Age |
| 13:59 | Build | Town Center |
| 14:05 | Research | Bow Saw |
| 14:12 | Build | Town Center |
| 14:18 | Build | Town Center |
| 14:24 | Build | Town Center |
| 14:41 | Create | Villager (Male) ×5 |
| 14:47 | Build | House |
| 14:48 | Build | House |
| 14:48 | Build | House |
| 14:49 | Build | House |
| 14:51 | Build | House |
| 14:52 | Build | House |
| 14:52 | Build | House |
| 14:53 | Build | House |
| 15:00 | Research | Pikeman (upgrade) |
| 15:00 | Research | Squires |
| 15:14 | Build | Farm |
| 15:14 | Build | Farm |
| 15:14 | Build | Farm |
| 15:15 | Build | Farm |
| 15:16 | Build | Farm |
| 15:17 | Build | Farm |
| 15:17 | Build | Farm |
| 15:24 | Build | Farm |
| 15:41 | Build | Mining Camp |
| 15:47 | Create | Villager (Male) ×5 |
| 15:55 | Create | Spearman ×5 |
| 15:55 | Create | Spearman ×5 |
| 16:10 | Build | Palisade Wall |
| 16:16 | Research | Iron Casting |
| 16:34 | Create | Villager (Male) ×2 |
| 16:39 | Build | Farm |
| 16:40 | Build | Farm |
| 16:41 | Build | Farm |
| 16:43 | Build | Farm |
| 16:46 | Build | Farm |
| 16:52 | Create | Spearman ×4 |
| 16:52 | Create | Spearman ×4 |
| 16:57 | Build | Farm |
| 16:57 | Build | Farm |
| 17:02 | Create | Villager (Male) |
| 17:02 | Create | Villager (Male) |
| 17:13 | Build | House |
| 17:14 | Build | House |
| 17:16 | Build | House |
| 17:27 | Build | University |
| 17:31 | Build | House |
| 17:32 | Build | House |
Build order — HR | Nasho9
First 150 of 494 actions detected
| 0:02 | Create | Villager (Male) |
| 0:02 | Create | Villager (Male) |
| 0:08 | Research | Double-Bit Axe |
| 0:24 | Build | House |
| 0:31 | Create | Villager (Male) |
| 0:37 | Research | Bow Saw |
| 0:55 | Build | Stable |
| 1:05 | Create | Villager (Male) |
| 1:09 | Create | Villager (Male) |
| 1:25 | Create | Villager (Male) |
| 1:39 | Research | Horse Collar |
| 1:53 | Create | Scout Cavalry |
| 1:56 | Build | House |
| 2:05 | Build | House |
| 2:06 | Build | House |
| 2:08 | Create | Villager (Male) |
| 2:13 | Create | Scout Cavalry |
| 2:22 | Research | Heavy Plow |
| 2:39 | Create | Villager (Male) |
| 2:50 | Build | Farm |
| 2:53 | Build | Farm |
| 2:55 | Create | Scout Cavalry |
| 2:59 | Create | Scout Cavalry |
| 3:01 | Create | Villager (Male) |
| 3:18 | Build | House |
| 3:22 | Create | Scout Cavalry |
| 3:31 | Research | Forging |
| 3:32 | Create | Villager (Male) |
| 3:34 | Build | Farm |
| 3:35 | Build | Farm |
| 3:40 | Create | Villager (Male) |
| 3:41 | Build | Farm |
| 3:43 | Build | Farm |
| 3:47 | Build | House |
| 3:49 | Build | Palisade Wall |
| 3:50 | Build | Building 796 |
| 4:02 | Create | Scout Cavalry |
| 4:06 | Create | Villager (Male) |
| 4:13 | Build | Farm |
| 4:15 | Build | Farm |
| 4:16 | Create | Villager (Male) |
| 4:43 | Create | Villager (Male) |
| 4:47 | Build | Mill |
| 4:59 | Build | Market |
| 5:11 | Create | Villager (Male) |
| 5:22 | Build | Farm |
| 5:22 | Build | Farm |
| 5:24 | Build | Farm |
| 5:31 | Build | Farm |
| 5:33 | Build | Farm |
| 5:37 | Create | Villager (Male) |
| 6:37 | Research | Castle Age |
| 7:01 | Build | Palisade Wall |
| 7:02 | Build | Palisade Wall |
| 7:02 | Build | Palisade Wall |
| 7:04 | Build | Palisade Wall |
| 7:05 | Build | Palisade Wall |
| 7:07 | Create | Spearman |
| 7:07 | Create | Spearman |
| 7:10 | Create | Scout Cavalry |
| 7:12 | Build | House |
| 7:14 | Build | Palisade Wall |
| 7:14 | Build | Palisade Wall |
| 7:16 | Build | Palisade Wall |
| 7:26 | Build | Palisade Wall |
| 7:27 | Build | Palisade Wall |
| 7:29 | Build | Palisade Wall |
| 7:30 | Build | Palisade Wall |
| 7:45 | Build | House |
| 7:46 | Build | Palisade Wall |
| 7:50 | Build | House |
| 8:09 | Create | Spearman |
| 8:09 | Create | Spearman |
| 8:09 | Create | Spearman |
| 8:33 | Build | Stable |
| 8:58 | Create | Villager (Male) |
| 9:03 | Research | Gold Mining |
| 9:03 | Research | Gold Mining |
| 9:13 | Build | Stable |
| 9:22 | Build | Stable |
| 9:22 | Age | Castle Age |
| 9:28 | Build | Town Center |
| 9:38 | Build | Stable |
| 9:39 | Create | Villager (Male) |
| 9:43 | Create | Villager (Male) |
| 9:46 | Research | Cavalier (upgrade) |
| 9:46 | Research | Husbandry |
| 9:48 | Research | Scale Barding Armor |
| 9:59 | Build | Monastery |
| 10:00 | Create | Knight |
| 10:04 | Create | Villager (Male) |
| 10:24 | Research | Wheelbarrow |
| 10:27 | Research | Gold Shaft Mining |
| 10:28 | Create | Villager (Male) |
| 10:33 | Create | Knight |
| 10:34 | Create | Knight |
| 10:43 | Build | Farm |
| 10:46 | Build | Lumber Camp |
| 10:48 | Create | Villager (Male) |
| 10:56 | Create | Monk |
| 11:15 | Create | Villager (Male) |
| 11:19 | Create | Villager (Male) |
| 11:29 | Create | Villager (Male) |
| 11:39 | Build | Town Center |
| 11:40 | Create | Villager (Male) |
| 11:46 | Research | Chain Barding Armor |
| 11:49 | Create | Knight |
| 11:49 | Create | Knight |
| 11:54 | Create | Villager (Male) |
| 12:07 | Create | Knight |
| 12:12 | Create | Villager (Male) |
| 12:16 | Create | Villager (Male) |
| 12:19 | Build | Lumber Camp |
| 12:26 | Create | Villager (Male) |
| 12:29 | Create | Knight |
| 12:30 | Create | Knight |
| 12:36 | Create | Knight |
| 12:36 | Create | Knight |
| 12:44 | Create | Knight |
| 12:44 | Create | Knight |
| 12:47 | Create | Villager (Male) |
| 12:50 | Build | Farm |
| 12:52 | Build | Farm |
| 12:53 | Create | Villager (Male) |
| 13:00 | Build | Farm |
| 13:01 | Build | Farm |
| 13:04 | Create | Knight |
| 13:05 | Create | Knight |
| 13:21 | Build | Farm |
| 13:23 | Build | Farm |
| 13:24 | Create | Villager (Male) |
| 13:24 | Create | Villager (Male) |
| 13:44 | Create | Monk |
| 13:48 | Build | Farm |
| 13:49 | Build | Farm |
| 13:50 | Build | Farm |
| 13:53 | Build | Farm |
| 13:55 | Create | Villager (Male) |
| 13:56 | Create | Villager (Male) |
| 14:04 | Research | Iron Casting |
| 14:05 | Create | Villager (Male) |
| 14:05 | Create | Villager (Male) |
| 14:10 | Build | Farm |
| 14:13 | Build | Farm |
| 14:14 | Build | Farm |
| 14:15 | Build | Farm |
| 14:16 | Build | Farm |
| 14:20 | Create | Villager (Male) |
| 14:20 | Create | Villager (Male) |
| 14:23 | Build | Farm |
Build order — 淺色
First 150 of 196 actions detected
| 0:01 | Create | Villager (Male) |
| 0:06 | Research | Double-Bit Axe |
| 0:25 | Build | Watch Tower |
| 0:28 | Create | Villager (Male) |
| 0:38 | Build | House |
| 0:40 | Build | House |
| 0:41 | Build | House |
| 0:44 | Create | Villager (Male) |
| 0:55 | Create | Villager (Male) |
| 1:10 | Create | Villager (Male) |
| 1:20 | Build | Archery Range |
| 1:27 | Build | Stone Wall |
| 1:30 | Build | Building 673 |
| 1:35 | Build | Stone Wall |
| 1:42 | Create | Villager (Male) |
| 1:51 | Create | Villager (Male) |
| 2:03 | Build | House |
| 2:05 | Build | House |
| 2:07 | Create | Villager (Male) |
| 2:24 | Create | Villager (Male) |
| 2:25 | Create | Archer |
| 2:26 | Create | Archer |
| 2:33 | Build | Archery Range |
| 2:36 | Create | Archer |
| 2:37 | Create | Archer |
| 2:59 | Create | Villager (Male) |
| 3:15 | Build | Mining Camp |
| 3:19 | Create | Archer |
| 3:21 | Create | Archer |
| 3:22 | Create | Archer |
| 3:34 | Create | Archer |
| 3:34 | Create | Archer |
| 3:35 | Create | Archer |
| 3:35 | Create | Archer |
| 3:46 | Build | House |
| 3:49 | Build | Market |
| 3:55 | Create | Archer |
| 4:05 | Create | Villager (Male) |
| 4:18 | Research | Fletching |
| 4:23 | Create | Spearman |
| 4:24 | Create | Spearman |
| 4:24 | Create | Spearman |
| 5:07 | Create | Archer |
| 5:10 | Create | Villager (Male) |
| 5:11 | Create | Villager (Male) |
| 6:50 | Create | Villager (Male) ×5 |
| 6:52 | Create | Archer ×5 |
| 7:22 | Create | Villager (Male) |
| 7:24 | Build | Farm |
| 7:24 | Build | Farm |
| 7:24 | Build | Farm |
| 7:25 | Build | Farm |
| 7:25 | Build | Farm |
| 7:25 | Build | Farm |
| 7:25 | Build | Farm |
| 7:25 | Build | Farm |
| 7:28 | Create | Archer |
| 9:12 | Create | Villager (Male) |
| 9:33 | Create | Archer |
| 9:33 | Create | Archer |
| 10:18 | Research | Castle Age |
| 11:06 | Build | Stone Wall |
| 11:15 | Build | Stone Wall |
| 11:24 | Build | Stone Wall |
| 11:56 | Build | Stone Wall |
| 11:59 | Build | Stone Wall |
| 12:00 | Build | Stone Wall |
| 12:15 | Build | House |
| 12:16 | Build | House |
| 12:43 | Build | Stone Wall |
| 12:44 | Build | Stone Wall |
| 12:55 | Build | Building 665 |
| 12:58 | Age | Castle Age |
| 13:02 | Research | Crossbowman (upgrade) |
| 13:04 | Research | Bodkin Arrow |
| 13:06 | Create | Villager (Male) ×2 |
| 13:16 | Build | Town Center |
| 13:28 | Create | Villager (Male) ×2 |
| 13:31 | Build | Farm |
| 14:18 | Build | Building 487 |
| 14:28 | Create | Archer ×5 |
| 14:32 | Build | Mining Camp |
| 14:39 | Build | Stone Wall |
| 14:44 | Research | Thumb Ring |
| 14:46 | Create | Archer ×5 |
| 14:53 | Build | Archery Range |
| 14:54 | Build | Archery Range |
| 15:17 | Build | Stone Wall |
| 15:21 | Build | Stone Wall |
| 15:24 | Create | Archer |
| 15:33 | Create | Villager (Male) ×3 |
| 15:39 | Build | Town Center |
| 16:06 | Create | Archer ×5 |
| 16:08 | Create | Villager (Male) ×2 |
| 16:25 | Build | Watch Tower |
| 16:31 | Create | Archer ×5 |
| 16:42 | Build | Town Center |
| 16:47 | Build | Farm |
| 16:47 | Build | Farm |
| 16:47 | Build | Farm |
| 16:48 | Build | Farm |
| 16:48 | Build | Farm |
| 17:00 | Build | Siege Workshop |
| 17:05 | Build | House |
| 17:06 | Build | House |
| 17:06 | Build | House |
| 17:06 | Build | House |
| 17:06 | Build | House |
| 17:06 | Build | House |
| 17:10 | Research | Wheelbarrow |
| 17:24 | Build | House |
| 17:34 | Build | Mining Camp |
| 17:56 | Create | Archer ×5 |
| 18:03 | Build | Mining Camp |
| 18:08 | Create | Villager (Male) |
| 18:09 | Create | Villager (Male) |
| 18:11 | Create | Villager (Male) |
| 18:43 | Create | Iron Pagoda |
| 18:49 | Create | Archer ×4 |
| 18:49 | Create | Archer ×4 |
| 18:51 | Create | Archer ×4 |
| 18:51 | Create | Villager (Male) ×3 |
| 19:20 | Create | Archer ×3 |
| 19:34 | Create | Archer |
| 20:23 | Create | Battering Ram |
| 20:23 | Create | Battering Ram |
| 20:31 | Create | Archer ×3 |
| 20:55 | Create | Villager (Male) ×5 |
| 21:20 | Create | Battering Ram |
| 21:22 | Create | Villager (Male) ×5 |
| 21:26 | Research | Gold Mining |
| 21:35 | Create | Villager (Male) |
| 21:35 | Create | Villager (Male) |
| 22:06 | Create | Archer ×5 |
| 22:10 | Create | Villager (Male) ×3 |
| 22:14 | Build | Farm |
| 22:14 | Build | Farm |
| 22:15 | Build | Farm |
| 22:15 | Build | Farm |
| 22:57 | Create | Archer ×5 |
| 22:57 | Create | Archer ×5 |
| 23:41 | Create | Villager (Male) ×5 |
| 23:46 | Create | Archer ×5 |
| 23:53 | Build | Stable |
| 23:53 | Build | Stable |
| 23:53 | Build | Stable |
| 23:53 | Build | Stable |
| 23:54 | Build | Stable |
| 24:07 | Create | Villager (Male) ×5 |
| 24:12 | Build | Barracks |
Build order — deadly neighbour
First 150 of 532 actions detected
| 0:02 | Create | Villager (Male) |
| 0:02 | Create | Villager (Male) |
| 0:10 | Create | Villager (Male) |
| 0:10 | Create | Villager (Male) |
| 0:17 | Research | Double-Bit Axe |
| 0:29 | Create | Villager (Male) |
| 0:30 | Create | Villager (Male) |
| 0:36 | Build | Archery Range |
| 0:46 | Create | Villager (Male) |
| 0:46 | Create | Villager (Male) |
| 1:10 | Build | Archery Range |
| 1:15 | Create | Villager (Male) |
| 1:15 | Create | Villager (Male) |
| 1:21 | Create | Villager (Male) |
| 1:22 | Create | Villager (Male) |
| 1:29 | Build | House |
| 1:30 | Create | Villager (Male) |
| 1:30 | Create | Villager (Male) |
| 1:45 | Create | Archer |
| 1:52 | Build | House |
| 1:59 | Create | Archer |
| 1:59 | Create | Archer |
| 2:19 | Create | Archer |
| 2:21 | Research | Fletching |
| 2:22 | Create | Villager (Male) |
| 2:24 | Create | Villager (Male) |
| 2:27 | Build | House |
| 2:29 | Build | House |
| 2:32 | Create | Archer |
| 2:47 | Create | Archer |
| 2:48 | Create | Villager (Male) |
| 2:54 | Build | Building 487 |
| 2:56 | Create | Villager (Male) |
| 2:57 | Create | Villager (Male) |
| 2:59 | Create | Archer |
| 2:59 | Create | Archer |
| 3:42 | Create | Archer |
| 3:43 | Create | Archer |
| 3:44 | Create | Villager (Male) |
| 4:09 | Create | Archer |
| 4:09 | Create | Archer |
| 4:32 | Create | Archer |
| 4:34 | Create | Villager (Male) |
| 4:34 | Create | Villager (Male) |
| 4:47 | Create | Villager (Male) |
| 4:48 | Create | Archer |
| 4:48 | Create | Archer |
| 4:59 | Create | Archer |
| 4:59 | Create | Archer |
| 5:03 | Create | Spearman |
| 5:04 | Create | Spearman |
| 5:06 | Create | Archer |
| 5:19 | Build | House |
| 5:20 | Build | Market |
| 5:22 | Build | House |
| 5:26 | Create | Spearman |
| 5:38 | Create | Spearman |
| 5:47 | Create | Villager (Male) |
| 5:49 | Build | Palisade Wall |
| 5:52 | Build | Palisade Wall |
| 5:53 | Build | Palisade Wall |
| 5:58 | Build | Building 796 |
| 6:10 | Create | Villager (Male) |
| 6:15 | Create | Spearman |
| 6:16 | Create | Spearman |
| 6:23 | Create | Villager (Male) |
| 6:29 | Build | Building 490 |
| 6:30 | Build | House |
| 6:31 | Create | Villager (Male) |
| 6:36 | Create | Archer |
| 6:40 | Build | Farm |
| 6:41 | Build | Farm |
| 6:41 | Build | Farm |
| 6:41 | Build | Farm |
| 6:41 | Build | Farm |
| 6:41 | Build | Farm |
| 6:46 | Build | Farm |
| 6:47 | Build | Farm |
| 6:47 | Build | Farm |
| 6:50 | Research | Horse Collar |
| 6:51 | Create | Spearman |
| 7:06 | Create | Spearman |
| 7:15 | Create | Villager (Male) |
| 7:22 | Create | Archer |
| 7:22 | Create | Archer |
| 7:23 | Create | Villager (Male) |
| 7:27 | Create | Villager (Male) |
| 7:38 | Create | Archer |
| 7:43 | Create | Spearman |
| 7:44 | Create | Archer |
| 7:45 | Create | Archer |
| 7:54 | Create | Villager (Male) |
| 7:57 | Build | Farm |
| 7:57 | Build | Farm |
| 7:57 | Build | Farm |
| 7:57 | Build | Farm |
| 7:58 | Build | Farm |
| 8:03 | Create | Archer |
| 8:04 | Create | Archer |
| 8:12 | Build | Mining Camp |
| 8:17 | Create | Spearman |
| 8:18 | Create | Spearman |
| 8:31 | Create | Villager (Male) |
| 8:39 | Create | Archer |
| 8:42 | Create | Archer |
| 8:43 | Create | Villager (Male) |
| 8:46 | Create | Archer |
| 8:46 | Create | Archer |
| 8:49 | Build | House |
| 8:51 | Build | House |
| 9:22 | Create | Archer |
| 9:22 | Create | Archer |
| 9:23 | Create | Villager (Male) |
| 9:26 | Create | Spearman |
| 9:29 | Build | House |
| 9:30 | Build | House |
| 9:49 | Create | Spearman |
| 10:07 | Create | Villager (Male) |
| 10:09 | Create | Spearman |
| 10:09 | Create | Spearman |
| 10:16 | Create | Villager (Male) |
| 10:18 | Create | Villager (Male) |
| 10:30 | Create | Villager (Male) |
| 10:39 | Create | Spearman |
| 10:39 | Create | Spearman |
| 10:53 | Build | Palisade Wall |
| 10:54 | Build | Palisade Wall |
| 10:57 | Build | Palisade Wall |
| 11:04 | Build | Palisade Wall |
| 11:06 | Build | Palisade Wall |
| 11:06 | Build | Palisade Wall |
| 11:09 | Create | Villager (Male) |
| 11:13 | Build | Farm |
| 11:44 | Create | Archer |
| 12:45 | Create | Villager (Male) |
| 12:47 | Research | Castle Age |
| 12:51 | Create | Spearman |
| 12:52 | Create | Spearman |
| 13:08 | Create | Archer |
| 13:09 | Create | Archer |
| 13:09 | Create | Archer |
| 13:09 | Create | Archer |
| 13:14 | Build | Archery Range |
| 13:16 | Build | Archery Range |
| 13:17 | Research | Padded Archer Armor |
| 13:21 | Research | Gold Mining |
| 13:29 | Build | House |
| 13:32 | Build | House |
| 13:35 | Create | Archer |
| 13:36 | Create | Archer |
Build order — 寧哥
First 150 of 479 actions detected
| 0:02 | Create | Villager (Male) |
| 0:03 | Research | Double-Bit Axe |
| 0:03 | Research | Double-Bit Axe |
| 0:12 | Create | Villager (Male) |
| 0:30 | Build | Stable |
| 0:36 | Build | House |
| 0:39 | Create | Villager (Male) |
| 1:00 | Research | Horse Collar |
| 1:01 | Research | Horse Collar |
| 1:08 | Create | Villager (Male) |
| 1:31 | Create | Villager (Male) |
| 1:36 | Build | Farm |
| 1:37 | Build | Farm |
| 1:37 | Build | Farm |
| 1:37 | Build | Farm |
| 1:37 | Build | Farm |
| 1:38 | Build | Farm |
| 1:51 | Build | House |
| 2:07 | Create | Scout Cavalry ×2 |
| 2:08 | Create | Villager (Male) |
| 2:17 | Create | Villager (Male) |
| 2:20 | Build | Stable |
| 2:30 | Build | Farm |
| 2:34 | Create | Scout Cavalry |
| 2:38 | Create | Villager (Male) |
| 2:50 | Create | Scout Cavalry |
| 2:53 | Research | Forging |
| 2:56 | Create | Villager (Male) |
| 3:06 | Create | Villager (Male) |
| 3:10 | Build | Farm |
| 3:11 | Build | Farm |
| 3:11 | Build | Farm |
| 3:11 | Build | Farm |
| 3:11 | Build | Farm |
| 3:23 | Create | Scout Cavalry |
| 3:24 | Create | Scout Cavalry |
| 3:35 | Create | Scout Cavalry |
| 3:35 | Create | Scout Cavalry |
| 3:41 | Build | Farm |
| 3:41 | Build | Farm |
| 3:41 | Build | Farm |
| 3:42 | Build | Farm |
| 3:50 | Create | Villager (Male) |
| 4:08 | Create | Scout Cavalry |
| 4:08 | Create | Scout Cavalry |
| 4:10 | Create | Villager (Male) |
| 4:13 | Build | House |
| 4:16 | Build | House |
| 4:17 | Build | House |
| 4:24 | Research | Wheelbarrow |
| 4:24 | Research | Wheelbarrow |
| 4:32 | Create | Villager (Male) |
| 4:45 | Create | Villager (Male) |
| 4:52 | Build | Farm |
| 5:03 | Create | Scout Cavalry |
| 5:04 | Research | Bloodlines |
| 5:17 | Build | Farm |
| 5:27 | Research | Scale Barding Armor |
| 5:42 | Create | Scout Cavalry |
| 5:42 | Create | Scout Cavalry |
| 5:46 | Build | House |
| 5:47 | Build | House |
| 5:51 | Create | Villager (Male) |
| 6:22 | Create | Scout Cavalry |
| 6:23 | Create | Scout Cavalry |
| 6:23 | Create | Scout Cavalry |
| 6:23 | Create | Scout Cavalry |
| 6:34 | Create | Villager (Male) |
| 6:39 | Create | Scout Cavalry |
| 6:39 | Create | Scout Cavalry |
| 6:55 | Create | Villager (Male) |
| 7:04 | Create | Villager (Male) |
| 7:07 | Build | Farm |
| 7:08 | Build | Farm |
| 7:08 | Build | Farm |
| 7:08 | Build | Farm |
| 7:08 | Build | Farm |
| 7:08 | Build | Farm |
| 7:09 | Build | Farm |
| 7:09 | Build | Farm |
| 7:11 | Create | Scout Cavalry |
| 7:12 | Create | Scout Cavalry |
| 7:12 | Create | Scout Cavalry |
| 7:28 | Create | Scout Cavalry |
| 7:52 | Create | Villager (Male) |
| 8:16 | Create | Villager (Male) |
| 8:24 | Build | Farm |
| 8:24 | Build | Farm |
| 8:25 | Build | Farm |
| 8:25 | Build | Farm |
| 8:40 | Build | Mill |
| 9:02 | Create | Villager (Male) |
| 9:25 | Research | Castle Age |
| 9:25 | Research | Castle Age |
| 9:25 | Research | Castle Age |
| 9:36 | Research | Gold Mining |
| 9:36 | Research | Gold Mining |
| 11:18 | Build | Mill |
| 11:44 | Build | Stable |
| 11:50 | Build | House |
| 11:51 | Build | House |
| 12:07 | Age | Castle Age |
| 12:11 | Build | Town Center |
| 12:14 | Research | Pikeman (upgrade) |
| 12:14 | Research | Pikeman (upgrade) |
| 12:19 | Research | Hand Cart |
| 12:23 | Research | Bow Saw |
| 12:23 | Research | Bow Saw |
| 12:26 | Research | Husbandry |
| 12:27 | Create | Steppe Lancer ×5 |
| 12:29 | Research | Iron Casting |
| 12:36 | Research | Heavy Plow |
| 12:36 | Research | Heavy Plow |
| 12:59 | Create | Steppe Lancer |
| 13:01 | Create | Steppe Lancer |
| 13:09 | Research | Chain Barding Armor |
| 13:22 | Create | Villager (Male) |
| 13:22 | Create | Villager (Male) |
| 13:32 | Build | Mill |
| 13:37 | Create | Villager (Male) |
| 13:37 | Create | Villager (Male) |
| 13:38 | Create | Villager (Male) |
| 13:52 | Create | Steppe Lancer ×5 |
| 14:06 | Build | Farm |
| 14:06 | Build | Farm |
| 14:07 | Build | Farm |
| 14:09 | Create | Villager (Male) |
| 14:25 | Create | Villager (Male) |
| 14:37 | Create | Villager (Male) |
| 14:41 | Build | Town Center |
| 14:46 | Create | Villager (Male) |
| 14:46 | Create | Villager (Male) |
| 14:47 | Create | Steppe Lancer |
| 14:48 | Create | Steppe Lancer ×3 |
| 14:48 | Create | Steppe Lancer ×2 |
| 15:00 | Create | Steppe Lancer |
| 15:09 | Build | Farm |
| 15:09 | Build | Farm |
| 15:09 | Build | Farm |
| 15:09 | Build | Farm |
| 15:17 | Build | Farm |
| 15:18 | Create | Villager (Male) |
| 15:18 | Create | Villager (Male) |
| 15:18 | Create | Villager (Male) |
| 15:20 | Create | Villager (Male) |
| 15:25 | Build | Farm |
| 15:25 | Build | Farm |
| 15:25 | Build | Farm |
| 15:26 | Create | Villager (Male) |
| 15:27 | Create | Villager (Male) |
Build order — Resid3nt Evil 3
First 150 of 249 actions detected
| 0:14 | Create | Villager (Male) |
| 0:14 | Create | Villager (Male) |
| 0:14 | Create | Villager (Male) |
| 0:15 | Create | Villager (Male) |
| 0:15 | Create | Villager (Male) |
| 0:15 | Create | Villager (Male) |
| 0:53 | Create | Villager (Male) |
| 0:53 | Create | Villager (Male) |
| 0:53 | Create | Villager (Male) |
| 2:44 | Build | Town Center |
| 3:34 | Create | Villager (Male) |
| 3:34 | Create | Villager (Male) |
| 3:34 | Create | Villager (Male) |
| 3:34 | Create | Villager (Male) |
| 3:35 | Create | Villager (Male) |
| 3:35 | Create | Villager (Male) |
| 3:35 | Create | Villager (Male) |
| 3:35 | Create | Villager (Male) |
| 3:35 | Create | Villager (Male) |
| 3:36 | Create | Villager (Male) |
| 3:36 | Create | Villager (Male) |
| 3:43 | Build | House |
| 3:45 | Build | House |
| 3:46 | Build | House |
| 3:47 | Build | House |
| 4:31 | Create | Villager (Male) |
| 4:31 | Create | Villager (Male) |
| 4:32 | Create | Villager (Male) |
| 4:32 | Create | Villager (Male) |
| 4:32 | Create | Villager (Male) |
| 5:00 | Create | Villager (Male) |
| 5:01 | Create | Villager (Male) |
| 5:01 | Create | Villager (Male) |
| 5:53 | Create | Villager (Male) |
| 6:14 | Build | Palisade Wall |
| 6:17 | Build | Palisade Gate |
| 6:22 | Create | Villager (Male) |
| 6:55 | Build | House |
| 6:56 | Build | House |
| 6:57 | Build | House |
| 6:59 | Build | House |
| 7:00 | Build | House |
| 7:03 | Build | House |
| 7:37 | Create | Villager (Male) |
| 7:37 | Create | Villager (Male) |
| 7:37 | Create | Villager (Male) |
| 7:37 | Create | Villager (Male) |
| 7:38 | Create | Villager (Male) |
| 7:38 | Create | Villager (Male) |
| 8:21 | Create | Villager (Male) |
| 8:22 | Create | Villager (Male) |
| 9:12 | Create | Villager (Male) |
| 9:39 | Build | House |
| 9:41 | Build | House |
| 9:42 | Build | House |
| 9:45 | Build | House |
| 9:47 | Build | House |
| 9:53 | Build | Farm |
| 10:32 | Create | Villager (Male) |
| 10:44 | Build | House |
| 10:46 | Build | House |
| 10:47 | Build | House |
| 10:57 | Build | Farm |
| 11:00 | Build | Farm |
| 11:54 | Create | Villager (Male) |
| 11:55 | Create | Villager (Male) |
| 12:22 | Build | Market |
| 12:40 | Create | Villager (Male) |
| 12:41 | Create | Villager (Male) |
| 12:41 | Create | Villager (Male) |
| 12:41 | Create | Villager (Male) |
| 12:48 | Build | Farm |
| 13:01 | Build | Watch Tower |
| 13:23 | Build | Watch Tower |
| 13:32 | Build | Farm |
| 13:35 | Build | Farm |
| 13:38 | Research | Horse Collar |
| 13:44 | Create | Villager (Male) |
| 14:11 | Build | Palisade Wall |
| 14:14 | Build | Building 800 |
| 14:33 | Create | Villager (Male) |
| 14:34 | Create | Villager (Male) |
| 15:19 | Build | Farm |
| 15:22 | Build | Farm |
| 15:27 | Build | Farm |
| 15:30 | Build | Farm |
| 15:33 | Build | Farm |
| 15:40 | Build | Farm |
| 16:23 | Research | Wheelbarrow |
| 16:51 | Build | Farm |
| 16:53 | Build | Farm |
| 16:56 | Create | Villager (Male) |
| 16:56 | Create | Villager (Male) |
| 16:57 | Create | Villager (Male) |
| 16:57 | Create | Villager (Male) |
| 16:57 | Create | Villager (Male) |
| 16:57 | Create | Villager (Male) |
| 16:58 | Create | Villager (Male) |
| 16:58 | Create | Villager (Male) |
| 17:30 | Build | Farm |
| 17:40 | Build | Palisade Wall |
| 17:45 | Build | Farm |
| 17:52 | Build | Farm |
| 17:56 | Build | Farm |
| 18:16 | Create | Spearman |
| 18:17 | Create | Spearman |
| 18:17 | Create | Spearman |
| 18:17 | Create | Spearman |
| 18:31 | Build | Farm |
| 18:34 | Build | Farm |
| 18:37 | Research | Double-Bit Axe |
| 19:03 | Build | Farm |
| 19:35 | Research | Town Watch |
| 19:44 | Research | Castle Age |
| 20:09 | Build | Watch Tower |
| 20:29 | Create | Spearman |
| 20:29 | Create | Spearman |
| 20:30 | Create | Spearman |
| 20:31 | Create | Spearman |
| 21:03 | Build | Watch Tower |
| 21:08 | Create | Villager (Male) |
| 21:09 | Create | Villager (Male) |
| 21:09 | Create | Villager (Male) |
| 21:10 | Create | Villager (Male) |
| 21:25 | Build | Farm |
| 21:31 | Build | Farm |
| 21:41 | Build | House |
| 21:42 | Build | House |
| 21:45 | Build | House |
| 21:47 | Build | House |
| 22:23 | Build | Farm |
| 22:28 | Build | Farm |
| 22:33 | Build | Farm |
| 22:40 | Build | Mining Camp |
| 22:48 | Create | Villager (Male) |
| 22:48 | Create | Villager (Male) |
| 22:49 | Create | Villager (Male) |
| 22:49 | Create | Villager (Male) |
| 22:49 | Create | Villager (Male) |
| 22:49 | Create | Villager (Male) |
| 22:49 | Create | Villager (Male) |
| 22:49 | Create | Villager (Male) |
| 22:58 | Create | Villager (Male) |
| 22:58 | Create | Villager (Male) |
| 22:58 | Create | Villager (Male) |
| 22:58 | Create | Villager (Male) |
| 22:59 | Create | Villager (Male) |
| 22:59 | Create | Villager (Male) |
| 22:59 | Create | Villager (Male) |
| 22:59 | Create | Villager (Male) |
Build order — 你叫誰尖頭
First 150 of 414 actions detected
| 0:02 | Create | Villager (Male) |
| 0:03 | Create | Villager (Male) |
| 0:04 | Research | Double-Bit Axe |
| 0:26 | Build | House |
| 0:38 | Build | Stable |
| 0:41 | Create | Villager (Male) |
| 0:54 | Build | House |
| 1:02 | Create | Villager (Male) |
| 1:02 | Create | Villager (Male) |
| 1:34 | Build | Stable |
| 1:39 | Build | Building 796 |
| 1:44 | Create | Villager (Male) |
| 1:44 | Create | Villager (Male) |
| 1:45 | Create | Villager (Male) |
| 2:08 | Create | Scout Cavalry |
| 2:27 | Build | Pasture |
| 2:32 | Build | Pasture |
| 2:34 | Create | Villager (Male) |
| 2:37 | Research | Forging |
| 2:53 | Create | Scout Cavalry |
| 3:00 | Create | Villager (Male) |
| 3:06 | Build | Pasture |
| 3:07 | Build | Pasture |
| 3:11 | Create | Villager (Male) |
| 3:12 | Create | Scout Cavalry |
| 3:12 | Create | Scout Cavalry |
| 3:47 | Create | Scout Cavalry |
| 3:49 | Create | Scout Cavalry |
| 4:16 | Create | Scout Cavalry |
| 4:17 | Create | Villager (Male) |
| 4:17 | Create | Villager (Male) |
| 4:24 | Build | Pasture |
| 4:26 | Build | Pasture |
| 4:28 | Create | Villager (Male) |
| 4:32 | Build | Pasture |
| 4:41 | Create | Scout Cavalry |
| 4:55 | Build | House |
| 4:56 | Build | House |
| 4:57 | Build | House |
| 5:23 | Research | Wheelbarrow |
| 5:27 | Create | Villager (Male) |
| 5:47 | Create | Scout Cavalry |
| 5:48 | Create | Scout Cavalry |
| 6:18 | Create | Villager (Male) |
| 6:33 | Build | House |
| 6:34 | Build | House |
| 6:36 | Build | House |
| 6:45 | Build | Pasture |
| 6:48 | Build | Pasture |
| 7:28 | Research | Castle Age |
| 7:33 | Build | Stable |
| 7:34 | Build | Stable |
| 7:41 | Research | Scale Barding Armor |
| 7:49 | Research | Gold Mining |
| 7:50 | Research | Gold Mining |
| 8:48 | Build | Mining Camp |
| 8:51 | Research | Stone Mining |
| 8:57 | Build | Pasture |
| 10:08 | Age | Castle Age |
| 10:10 | Create | Steppe Lancer |
| 10:10 | Create | Steppe Lancer |
| 10:11 | Create | Steppe Lancer |
| 10:11 | Create | Steppe Lancer |
| 10:17 | Build | Town Center |
| 10:20 | Research | Stone Shaft Mining |
| 10:24 | Research | Bow Saw |
| 10:25 | Create | Villager (Male) |
| 10:25 | Create | Villager (Male) |
| 10:25 | Create | Villager (Male) |
| 10:27 | Create | Villager (Male) |
| 10:27 | Create | Villager (Male) |
| 10:27 | Create | Villager (Male) |
| 10:28 | Create | Steppe Lancer |
| 10:29 | Create | Steppe Lancer |
| 10:40 | Create | Steppe Lancer |
| 10:40 | Create | Steppe Lancer |
| 10:40 | Create | Steppe Lancer |
| 10:54 | Build | Pasture |
| 10:56 | Create | Steppe Lancer |
| 10:56 | Create | Steppe Lancer |
| 10:56 | Create | Steppe Lancer |
| 11:09 | Create | Steppe Lancer |
| 11:09 | Create | Steppe Lancer |
| 11:24 | Build | Pasture |
| 11:34 | Create | Villager (Male) |
| 11:35 | Create | Villager (Male) |
| 11:35 | Create | Villager (Male) |
| 12:51 | Create | Scout Cavalry |
| 12:51 | Create | Scout Cavalry |
| 12:52 | Create | Scout Cavalry |
| 12:52 | Create | Scout Cavalry |
| 12:52 | Create | Scout Cavalry |
| 12:52 | Create | Scout Cavalry |
| 12:52 | Create | Scout Cavalry |
| 13:06 | Create | Villager (Male) |
| 13:06 | Create | Villager (Male) |
| 13:06 | Create | Villager (Male) |
| 13:06 | Create | Villager (Male) |
| 13:06 | Create | Villager (Male) |
| 13:20 | Research | Light Cavalry (upgrade) |
| 13:27 | Create | Villager (Male) |
| 13:28 | Create | Villager (Male) |
| 13:43 | Create | Villager (Male) |
| 13:43 | Create | Villager (Male) |
| 13:46 | Build | Pasture |
| 13:51 | Build | Pasture |
| 14:11 | Build | Castle |
| 14:20 | Create | Scout Cavalry |
| 14:20 | Create | Scout Cavalry |
| 14:20 | Create | Scout Cavalry |
| 14:25 | Create | Villager (Male) |
| 14:25 | Create | Villager (Male) |
| 14:28 | Research | Tech 1014 |
| 14:37 | Create | Scout Cavalry |
| 14:37 | Create | Scout Cavalry |
| 14:38 | Create | Villager (Male) |
| 14:38 | Create | Villager (Male) |
| 14:49 | Create | Scout Cavalry |
| 14:50 | Create | Scout Cavalry |
| 14:50 | Create | Scout Cavalry |
| 14:55 | Create | Villager (Male) |
| 14:56 | Create | Villager (Male) |
| 15:14 | Build | Mining Camp |
| 15:16 | Create | Scout Cavalry |
| 15:17 | Create | Scout Cavalry |
| 15:28 | Create | Scout Cavalry |
| 15:28 | Create | Scout Cavalry |
| 15:28 | Create | Scout Cavalry |
| 16:10 | Create | Villager (Male) |
| 16:11 | Create | Villager (Male) |
| 16:11 | Create | Villager (Male) |
| 16:11 | Create | Villager (Male) |
| 16:11 | Create | Villager (Male) |
| 16:11 | Create | Villager (Male) |
| 16:11 | Create | Villager (Male) |
| 16:12 | Create | Villager (Male) |
| 16:30 | Research | Chain Barding Armor |
| 16:33 | Create | Villager (Male) |
| 16:33 | Create | Villager (Male) |
| 16:33 | Create | Villager (Male) |
| 16:43 | Build | Mining Camp |
| 16:44 | Create | Villager (Male) |
| 16:44 | Create | Villager (Male) |
| 16:44 | Create | Villager (Male) |
| 16:52 | Build | Town Center |
| 16:59 | Create | Villager (Male) |
| 16:59 | Create | Villager (Male) |
| 16:59 | Create | Villager (Male) |
| 17:10 | Create | Villager (Male) |
| 17:10 | Create | Villager (Male) |
Match timeline
| 0:30 | 寧哥 · first_building Stable |
| 0:36 | deadly neighbour · first_building Archery Range |
| 0:38 | 你叫誰尖頭 · first_building Stable |
| 0:46 | El tio kchero de LA BEBA MOISES · wall_segment Palisade Wall x1 |
| 0:47 | El tio kchero de LA BEBA MOISES · wall_segment Palisade Wall x1 |
| 0:48 | El tio kchero de LA BEBA MOISES · wall_segment Palisade Wall x1 |
| 0:51 | El tio kchero de LA BEBA MOISES · wall_segment Palisade Wall x1 |
| 0:55 | HR | Nasho9 · first_building Stable |
| 0:56 | El tio kchero de LA BEBA MOISES · wall_segment Palisade Wall x1 |
| 0:57 | El tio kchero de LA BEBA MOISES · wall_segment Palisade Wall x1 |
| 1:09 | El tio kchero de LA BEBA MOISES · wall_segment Palisade Wall x5 |
| 1:18 | El tio kchero de LA BEBA MOISES · wall_segment Palisade Wall x4 |
| 1:20 | 淺色 · first_building Archery Range |
| 1:27 | 淺色 · wall_segment Stone Wall x1 |
| 1:35 | 淺色 · wall_segment Stone Wall x1 |
| 2:07 | ColonelPacha · wall_segment Palisade Wall x5 |
| 3:02 | El tio kchero de LA BEBA MOISES · first_building Barracks |
| 3:08 | ColonelPacha · wall_segment Stone Wall x4 |
| 3:49 | HR | Nasho9 · wall_segment Palisade Wall x4 |
| 5:49 | deadly neighbour · wall_segment Palisade Wall x1 |
| 5:52 | deadly neighbour · wall_segment Palisade Wall x1 |
| 5:53 | deadly neighbour · wall_segment Palisade Wall x1 |
| 6:14 | Resid3nt Evil 3 · wall_segment Palisade Wall x8 |
| 6:35 | HR | Nasho9 · first_market_sell 100 wood |
| 7:01 | HR | Nasho9 · wall_segment Palisade Wall x1 |
| 7:02 | HR | Nasho9 · wall_segment Palisade Wall x1 |
| 7:02 | HR | Nasho9 · wall_segment Palisade Wall x1 |
| 7:04 | HR | Nasho9 · wall_segment Palisade Wall x1 |
| 7:05 | HR | Nasho9 · wall_segment Palisade Wall x1 |
| 7:14 | HR | Nasho9 · wall_segment Palisade Wall x1 |
| 7:14 | HR | Nasho9 · wall_segment Palisade Wall x1 |
| 7:16 | HR | Nasho9 · wall_segment Palisade Wall x1 |
| 7:26 | HR | Nasho9 · wall_segment Palisade Wall x1 |
| 7:27 | HR | Nasho9 · wall_segment Palisade Wall x1 |
| 7:29 | HR | Nasho9 · wall_segment Palisade Wall x1 |
| 7:30 | HR | Nasho9 · wall_segment Palisade Wall x1 |
| 7:46 | HR | Nasho9 · wall_segment Palisade Wall x1 |
| 8:11 | ColonelPacha · first_market_sell 100 wood |
| 8:14 | ColonelPacha · first_market_buy 100 food |
| 9:22 | HR | Nasho9 · age_up castle |
| 9:59 | HR | Nasho9 · first_building Monastery |
| 10:08 | 你叫誰尖頭 · age_up castle |
| 10:17 | 淺色 · first_market_buy 100 food |
| 10:53 | deadly neighbour · wall_segment Palisade Wall x1 |
| 10:54 | deadly neighbour · wall_segment Palisade Wall x1 |
| 10:57 | deadly neighbour · wall_segment Palisade Wall x1 |
| 11:04 | deadly neighbour · wall_segment Palisade Wall x1 |
| 11:06 | deadly neighbour · wall_segment Palisade Wall x1 |
| 11:06 | 淺色 · wall_segment Stone Wall x7 |
| 11:06 | deadly neighbour · wall_segment Palisade Wall x1 |
| 11:15 | 淺色 · wall_segment Stone Wall x9 |
| 11:23 | deadly neighbour · first_market_buy 100 food |
| 11:24 | 淺色 · wall_segment Stone Wall x14 |
| 11:56 | 淺色 · wall_segment Stone Wall x16 |
| 11:59 | 淺色 · wall_segment Stone Wall x8 |
| 12:00 | 淺色 · wall_segment Stone Wall x1 |
| 12:07 | 寧哥 · age_up castle |
| 12:43 | 淺色 · wall_segment Stone Wall x14 |
| 12:44 | 淺色 · wall_segment Stone Wall x3 |
| 12:54 | Resid3nt Evil 3 · first_market_buy 100 stone |
| 12:58 | 淺色 · age_up castle |
| 13:02 | El tio kchero de LA BEBA MOISES · wall_segment Palisade Wall x17 |
| 13:57 | El tio kchero de LA BEBA MOISES · age_up castle |
| 14:11 | Resid3nt Evil 3 · wall_segment Palisade Wall x4 |
| 14:11 | 你叫誰尖頭 · first_building Castle |
| 14:39 | 淺色 · wall_segment Stone Wall x3 |
| 14:39 | HR | Nasho9 · first_market_buy 100 food |
| 15:17 | 淺色 · wall_segment Stone Wall x8 |
| 15:21 | 淺色 · wall_segment Stone Wall x5 |
| 15:27 | deadly neighbour · age_up castle |
| 15:31 | deadly neighbour · first_building Castle |
| 16:10 | El tio kchero de LA BEBA MOISES · wall_segment Palisade Wall x12 |
| 17:00 | 淺色 · first_building Siege Workshop |
| 17:10 | deadly neighbour · first_market_sell 100 food |
| 17:40 | Resid3nt Evil 3 · wall_segment Palisade Wall x5 |
| 19:07 | ColonelPacha · first_building Archery Range |
| 21:33 | 寧哥 · first_building Monastery |
| 21:48 | 寧哥 · first_market_buy 100 stone |
| 21:59 | El tio kchero de LA BEBA MOISES · first_building Castle |
| 23:06 | Resid3nt Evil 3 · first_market_sell 100 wood |
| 23:09 | deadly neighbour · first_building Siege Workshop |
| 23:36 | 你叫誰尖頭 · age_up imperial |
| 23:53 | 淺色 · first_building Stable |
| 24:02 | Resid3nt Evil 3 · first_building Castle |
| 24:12 | 淺色 · first_building Barracks |
| 24:14 | HR | Nasho9 · first_building Castle |
| 26:29 | 淺色 · first_building Castle |
| 28:21 | 淺色 · wall_segment Stone Wall x6 |
| 28:36 | El tio kchero de LA BEBA MOISES · first_building Siege Workshop |
| 28:40 | Resid3nt Evil 3 · first_building Stable |
| 28:53 | deadly neighbour · age_up imperial |
| 29:00 | 淺色 · wall_segment Stone Wall x9 |
| 29:18 | HR | Nasho9 · age_up imperial |
| 29:27 | 淺色 · wall_segment Stone Wall x8 |
| 29:28 | deadly neighbour · first_building Barracks |
| 30:10 | 寧哥 · first_market_sell 500 food |
| 31:07 | 寧哥 · first_building Castle |
| 32:05 | 寧哥 · age_up imperial |
| 32:48 | El tio kchero de LA BEBA MOISES · age_up imperial |
| 33:09 | 寧哥 · first_building Barracks |
| 34:25 | 寧哥 · wall_segment Palisade Wall x2 |
| 35:30 | 寧哥 · resign |
[ AI ANALYSIS · 1 CREDIT ]
What really happened in this match?
Wolo.gg analyzes every decision: build order, eco, micro, common mistakes by bracket. Personalized analysis on WhatsApp or Discord in 30 seconds.
Civ guide
Franks
Map guide
Enclosed
Perfil
ColonelPacha